Map: 시뮬레이크럼 - 래더

Players

Zest - Winner!

  • Race: Protoss Protoss
  • League: Master
  • Spawn Location: 5:00

Bunny

  • Race: Terran Terran
  • League: Bronze
  • Spawn Location: 11:00

Event: StayAtHomestory Cup #1

VOD

Have the link to the VOD?

Description

Time

  • Played on: April 10, 2020, 6:44 a.m.
  • Length: 10:42

All games in this series

Show
View Real Time Build Order
Export as new Build Order

Zest Protoss - Winner!

Build Orders: 1 Gate Expand, Blink Stalkers 

Get SALT Encoding   

  12  0:00  Probe  
  13  0:12  Probe  
  14  0:18  Pylon  
  14  0:25  Probe (Chrono Boost)  
  15  0:36  Gateway  
  15  0:37  Probe (Chrono Boost)  
  16  0:45  Probe (Chrono Boost)  
  16  0:46  Assimilator  
  17  0:51  Probe  
  18  1:03  Probe  
  19  1:15  Probe  
  20  1:24  Cybernetics Core  
  20  1:32  Nexus  
  20  1:36  Probe  
  21  1:42  Pylon  
  21  1:48  Probe  
  21  1:52  Assimilator  
  22  1:57  Adept (Chrono Boost)  
  22  2:00  Probe  
  25  2:03  Warp Gate  
  25  2:12  Probe  
  26  2:20  Stalker  
  28  2:24  Probe  
  29  2:34  Twilight Council  
  30  2:38  Probe (Chrono Boost)  
  30  2:44  Probe (Chrono Boost)  
  30  2:50  Stalker  
  34  2:53  Probe x2 (Chrono Boost)  
  35  2:59  Probe (Chrono Boost)  
  35  3:00  Probe  
  35  3:03  Blink (Chrono Boost)  
  35  3:04  Gateway  
  37  3:11  Probe  
  38  3:15  Probe  
  39  3:23  Probe  
  38  3:27  Probe  
  38  3:29  Robotics Facility  
  38  3:32  Shield Battery  
  39  3:35  Probe  
  39  3:36  Assimilator  
  39  3:39  Probe  
  41  3:45  Pylon  
  41  3:47  Probe  
  42  3:51  Stalker  
  42  3:55  Shield Battery  
  44  3:56  Pylon  
  44  4:01  Stalker  
  46  4:03  Probe x2  
  43  4:17  Stalker  
  43  4:21  Probe x2  
  46  4:29  Stalker  
  48  4:33  Probe x2  
  50  4:44  Nexus  
  50  4:45  Probe x2  
  51  4:46  Pylon  
  51  4:52  Dark Shrine  
  51  4:57  Probe  
  51  4:59  Warp Prism (Chrono Boost)  
  52  5:07  Assimilator  
  54  5:08  Probe  
  54  5:09  Probe  
  54  5:14  Stalker  
  58  5:19  Stalker  
  58  5:20  Probe  
  61  5:25  Probe, Pylon  
  61  5:32  Probe  
  62  5:38  Probe  
  63  5:44  Probe  
  63  5:47  Gateway x2  
  64  5:52  Forge  
  64  5:53  Probe  
  64  5:57  Probe (Chrono Boost)  
  66  5:58  Observer (Chrono Boost)  
  66  6:02  Pylon  
  66  6:04  Dark Templar x2  
  69  6:07  Probe (Chrono Boost)  
  69  6:09  Probe (Chrono Boost)  
  74  6:13  Probe (Chrono Boost)  
  74  6:14  Pylon  
  74  6:17  Probe x2 (Chrono Boost)  
  69  6:22  Probe x2 (Chrono Boost), Protoss Ground Weapons Level 1  
  69  6:28  Probe  
  70  6:33  Probe  
  70  6:34  Probe  
  69  6:40  Probe  
  69  6:43  Dark Templar  
  69  6:45  Probe  
  69  6:47  Probe  
  69  6:52  Probe  
  70  6:59  Probe x2  
  72  7:04  Probe  
  73  7:11  Probe x2  
  73  7:13  Charge (Chrono Boost)  
  75  7:16  Probe  
  75  7:19  Gateway  
  75  7:20  Gateway  
  75  7:22  Templar Archives  
  76  7:23  Probe  
  76  7:24  Probe, Gateway, Observer  
  76  7:27  Gateway  
  76  7:28  Probe  
  76  7:29  Dark Templar  
  81  7:30  Dark Templar  
  81  7:34  Pylon  
  81  7:36  Probe  
  84  7:37  Assimilator  
  84  7:40  Assimilator  
  84  7:51  Probe, Pylon  
  84  7:53  Probe x2  
  84  7:57  Dark Templar  
  89  8:07  Psionic Storm  
  89  8:18  Probe  
  89  8:19  Probe x2  
  92  8:25  Gateway  
  92  8:27  Gateway  
  92  8:29  Gateway  
  92  8:31  Probe x2, Gateway  
  92  8:33  High Templar x2, Sentry, Zealot  
  92  8:34  Zealot x4  
  108  8:46  Pylon  
  108  8:54  Stalker x3  
  113  9:00  Stalker  
  112  9:13  High Templar x2  
  112  9:14  Probe x2  
  112  9:16  Probe  
  118  9:21  Observer (Chrono Boost)  
  118  9:23  Archon  
  119  9:26  Zealot x3  
  119  9:29  Pylon  
  119  9:30  Pylon  
  125  9:31  Pylon  
  125  9:33  Archon  
  125  9:40  Pylon  
  125  9:45  Probe, Pylon  
  125  9:47  Probe x2  
  125  9:50  High Templar x2, Zealot x7  
  125  9:51  Zealot  
  147  9:54  Archon  
  109  10:14  Archon  
  109  10:19  Zealot x7  
  109  10:21  Archon  
  113  10:22  Zealot x3  
  103  10:34  High Templar  
  103  10:35  High Templar  
  101  10:39  Archon  
  101  10:40  High Templar x2  
Show
View Real Time Build Order
Export as new Build Order

Bunny Terran 

Build Orders:  

Get SALT Encoding   

  12  0:00  SCV  
  13  0:13  SCV  
  14  0:17  Supply Depot  
  14  0:25  SCV  
  15  0:38  SCV  
  15  0:40  Barracks  
  16  0:43  Refinery  
  16  0:50  SCV  
  17  1:03  SCV  
  18  1:15  SCV  
  19  1:27  Marine, Orbital Command  
  20  1:41  Command Center  
  20  1:51  Factory  
  20  1:55  SCV  
  21  2:03  Barracks Reactor  
  21  2:06  Supply Depot  
  21  2:08  SCV  
  22  2:20  SCV  
  23  2:23  Refinery  
  23  2:32  SCV  
  24  2:40  Starport  
  26  2:44  Hellion x2  
  26  2:45  SCV  
  26  2:50  Barracks Tech Lab  
  29  2:54  Orbital Command  
  29  2:57  SCV  
  30  3:00  Orbital Command  
  32  3:05  Hellion  
  32  3:08  Hellion  
  32  3:12  SCV  
  34  3:18  Medivac  
  36  3:24  SCV  
  36  3:26  SCV  
  37  3:37  SCV  
  37  3:38  SCV  
  37  3:39  Supply Depot, Cyclone  
  37  3:40  Marine  
  43  3:42  Marine  
  44  3:49  SCV, Starport Tech Lab  
  44  3:50  SCV  
  46  3:56  Supply Depot  
  46  4:00  Marine x2  
  46  4:01  SCV  
  49  4:03  SCV  
  48  4:11  Siege Tank  
  49  4:18  SCV x2  
  49  4:19  Marine x2  
  49  4:21  Banshee  
  56  4:30  SCV x2  
  58  4:31  Cloaking Field  
  58  4:32  Bunker  
  58  4:36  Supply Depot  
  58  4:37  Marine x2  
  60  4:45  SCV x2  
  62  4:52  Command Center  
  62  4:57  Supply Depot  
  63  5:02  SCV x2  
  63  5:03  Marine  
  65  5:07  Banshee  
  65  5:11  Supply Depot  
  65  5:12  Refinery  
  65  5:14  SCV x2  
  65  5:15  Siege Tank  
  65  5:19  Marine  
  65  5:21  Marine  
  71  5:27  SCV  
  71  5:28  SCV, Barracks  
  74  5:33  Refinery  
  74  5:36  Marine  
  74  5:39  Marine, SCV  
  74  5:40  SCV  
  76  5:47  Siege Tank  
  77  5:52  SCV x2  
  77  5:53  Barracks, Engineering Bay  
  79  5:59  Marine x2, Supply Depot  
  81  6:05  Engineering Bay  
  81  6:06  Engineering Bay  
  81  6:08  SCV x2  
  83  6:14  Orbital Command  
  83  6:16  Supply Depot  
  83  6:18  Supply Depot  
  83  6:22  Missile Turret  
  83  6:25  Missile Turret  
  82  6:28  SCV x2  
  82  6:31  Marine x2  
  82  6:36  Missile Turret  
  82  6:39  Barracks Tech Lab  
  78  6:42  Missile Turret  
  78  6:45  SCV x2  
  78  6:46  SCV  
  77  6:56  Stimpack, Marauder  
  77  6:57  Marine x2  
  77  7:01  Marauder  
  82  7:04  Factory Reactor  
  81  7:12  SCV x3  
  82  7:15  Terran Infantry Weapons Level 1  
  82  7:19  Missile Turret  
  82  7:20  Terran Infantry Armor Level 1  
  82  7:23  Combat Shield  
  82  7:29  Marauder  
  86  7:33  Marauder  
  86  7:36  Marine x2  
  88  7:42  Orbital Command  
  88  7:45  Barracks  
  88  7:46  Barracks  
  88  7:48  SCV x2  
  88  7:50  Factory Reactor  
  90  7:53  Medivac  
  90  7:54  Medivac  
  94  8:00  SCV x2  
  94  8:05  Marauder x2  
  96  8:06  Marine x2  
  96  8:11  SCV  
  96  8:12  SCV x2  
  100  8:16  Missile Turret  
  97  8:23  Medivac  
  99  8:30  Marine x2, Marauder x2  
  99  8:32  Factory Reactor  
  103  8:34  Barracks Reactor  
  103  8:35  Barracks Tech Lab  
  103  8:37  Missile Turret  
  103  8:51  Missile Turret, Marauder x2  
  103  8:52  Marine x2  
  103  8:53  Medivac  
  111  9:00  SCV  
  111  9:01  SCV x2  
  113  9:03  Marauder  
  113  9:06  Supply Depot  
  113  9:09  Widow Mine x2  
  115  9:12  Marine x2, Marauder  
  115  9:13  Marauder  
  115  9:15  Marine  
  115  9:16  Marine  
  118  9:19  Engineering Bay  
  118  9:20  Armory  
  118  9:25  SCV x3  
  118  9:30  Supply Depot  
  121  9:32  Widow Mine x2  
  121  9:33  Medivac  
  121  9:37  Concussive Shells  
  127  9:42  Missile Turret  
  127  9:43  Supply Depot  
  127  9:45  Marauder x3  
  133  9:51  Marine x4  
  137  9:55  Supply Depot  
  137  9:57  Supply Depot  
  137  9:58  Widow Mine x2  
  141  10:03  Medivac  
  133  10:09  Marauder  
  133  10:11  Marine  
  133  10:13  Marine x2, Marauder  
  132  10:14  Marauder  
  132  10:19  Widow Mine x2  
Tags
 
Add a new tag
Caveats
  • Supply blocks, unpowered buildings, or Contaminate may cause inaccurate times.
  • Supply counts are checked every 10 seconds.